[Event "ETCC Women 2013"]
[Site "Warsaw"]
[Date "2013.11.11"]
[Round "4"]
[White "Collas, Silvia"]
[Black "Cosma, Elena-Luminita"]
[Result "0-1"]
[ECO "A13"]
[WhiteElo "2292"]
[BlackElo "2326"]
[PlyCount "88"]
[EventDate "2013.??.??"]
[EventCountry "POL"]
[WhiteTeam "Frankreich"]
[BlackTeam "Rumänien"]
[WhiteTeamCountry "FRA"]
[BlackTeamCountry "ROU"]
[TimeControl "40/5400+30:1800+30"]

1. c4 e6 2. Nf3 d5 3. g3 Nf6 4. Bg2 dxc4 5. Qa4+ c6 6. Qxc4 b5 7. Qc2 Bb7 8. d4 Nbd7 9. Ne5 Nxe5 10. dxe5 Nd7 11. O-O Qc8 12. Nc3 c5 13.
Ne4 Bd5 14. Rd1 Qc6 15. Nd6+ Bxd6 16. e4 Bb3 17. axb3 Be7 18. h4 h6 19. Bd2 O-O 20. Ba5 Nb6 21. f4 Rfd8 22. f5 c4 23. b4 Rac8 24. Kh2 Rxd1 25. Rxd1 Rd8 26. Rxd8+ Bxd8 27. Qd2 Bc7 28. Qd4 Nd7 29. Qxa7 Bxe5 30. Qf2 Qd6 31. fxe6 Qxe6 32. Bh3 Qd6 33. Kg2 g6 34. Bxd7 Qxd7 35.
Bb6 Qd3 36. Be3 Qxe4+ 37. Kg1 Qb1+ 38. Kg2 Bg7 39. Qf4 Qxb2+ 40. Kh3 Qxb4 41. h5 Qb1 42. g4 Qd3 43. Kg2 b4 44. Kf2 b3 0-1

[Event "ETCC Women 2013"]
[Site "Warsaw"]
[Date "2013.11.11"]
[Round "4"]
[White "Dierckens, Sarah"]
[Black "Gurcan, Aytolun"]
[Result "1-0"]
[ECO "B48"]
[WhiteElo "1872"]
[BlackElo "1745"]
[PlyCount "73"]
[EventDate "2013.??.??"]
[EventCountry "POL"]
[WhiteTeam "Belgien"]
[BlackTeam "Türkei"]
[WhiteTeamCountry "BEL"]
[BlackTeamCountry "TUR"]
[TimeControl "40/5400+30:1800+30"]

1. e4 c5 2. Nf3 Nc6 3. d4 cxd4 4. Nxd4 Qc7 5. Nc3 e6 6. Be3 a6 7. Qd2 Nf6 8.
Be2 Bb4 9. f3 Ne7 10. O-O O-O 11. a3 Ba5 12. b4 Bb6 13. f4 e5 14. fxe5 Qxe5 15. Nf3 Bxe3+ 16. Qxe3 Qc7 17. Na4 d5 18. Nb6 Rb8 19. Nxc8 Rbxc8 20. Ng5 Qe5 21. Qf4 Qxf4 22. Rxf4 Ng6 23. Rff1 dxe4 24. c4 a5 25. c5 Rfd8 26. Rab1 Rd2 27. Bc4 Ne5 28. Bb3 h6 29. Rxf6 hxg5 30. Rf5 Re8 31. Re1 g6 32. Rxg5 Nd3 33. Rxg6+ Kh7 34. Rd6 e3 35. Rxd3 Rxd3 36. Bc2 Red8 37. Rxe3 1-0

[Event "ETCC Women 2013"]
[Site "Warsaw"]
[Date "2013.11.11"]
[Round "4"]
[White "Dzagnidze, Nana"]
[Black "Bojkovic, Natasa"]
[Result "1/2-1/2"]
[ECO "A45"]
[WhiteElo "2556"]
[BlackElo "2405"]
[PlyCount "65"]
[EventDate "2013.??.??"]
[EventCountry "POL"]
[WhiteTeam "Georgien"]
[BlackTeam "Serbien"]
[WhiteTeamCountry "GEO"]
[BlackTeamCountry "SRB"]
[TimeControl "40/5400+30:1800+30"]

1. d4 Nf6 2. Bg5 e6 3. e4 h6 4. Bxf6 Qxf6 5. c3 d6 6. Bd3 e5 7. Ne2 g6 8.
O-O Bg7 9. f4 Qd8 10. Nd2 O-O 11. Qb3 exd4 12. cxd4 Bg4 13. f5 Bxe2 14. Bxe2 g5 15. f6 Bxf6 16. e5 dxe5 17. dxe5 Qxd2 18. Rxf6 Qxe2 19. Raf1 Nc6 20. Rxf7 Rxf7 21. Qxf7+ Kh8 22. Qf6+ Kh7 23. Qf5+ Kg7 24. Qf7+ Kh8 25. Qg6 Qe3+ 26. Kh1 Qxe5 27. Qxh6+ Kg8 28. Qg6+ Kh8 29. h3 Rd8 30. Qh5+ Kg8 31. Qf7+ Kh8 32. Qh5+ Kg8 33. Qf7+ 1/2-1/2

[Event "ETCC Women 2013"]
[Site "Warsaw"]
[Date "2013.11.11"]
[Round "4"]
[White "Exler, Veronika"]
[Black "Videnova, Iva"]
[Result "0-1"]
[ECO "A88"]
[WhiteElo "2147"]
[BlackElo "2272"]
[PlyCount "56"]
[EventDate "2013.??.??"]
[EventCountry "POL"]
[WhiteTeam "Österreich"]
[BlackTeam "Bulgarien"]
[WhiteTeamCountry "AUT"]
[BlackTeamCountry "BUL"]
[TimeControl "40/5400+30:1800+30"]

1. d4 f5 2. c4 Nf6 3. Nf3 d6 4. g3 g6 5. Bg2 Bg7 6. O-O O-O 7. Nc3 c6 8. d5 e5 9. dxe6 Bxe6 10. b3 Ne4 11. Nxe4 fxe4 12. Nd4 Bf7 13. Rb1 Qe7 14. Be3 a5 15. Qc2 d5 16. cxd5 Bxd5 17. Rfd1 Na6 18. Qc1 Qf7 19. Qd2 a4 20. bxa4 Rfd8 21. Qc2 Re8 22. a3 Bf8 23. Qb2 Nc5 24. Nc2 Nxa4 25. Qa1 c5 26. Bc1 Bg7 27. Rb2 Bb3 28. Qb1 Nc3 0-1

[Event "ETCC Women 2013"]
[Site "Warsaw"]
[Date "2013.11.11"]
[Round "4"]
[White "Foisor, Cristina-Adela"]
[Black "Maisuradze, Nino"]
[Result "1/2-1/2"]
[ECO "D78"]
[WhiteElo "2347"]
[BlackElo "2302"]
[PlyCount "101"]
[EventDate "2013.??.??"]
[EventCountry "POL"]
[WhiteTeam "Rumänien"]
[BlackTeam "Frankreich"]
[WhiteTeamCountry "ROU"]
[BlackTeamCountry "FRA"]
[TimeControl "40/5400+30:1800+30"]

1. Nf3 d5 2. d4 Nf6 3. g3 g6 4. Bg2 Bg7 5. O-O O-O 6. c4 c6 7. Qb3 Nbd7 8.
cxd5 cxd5 9. Nc3 e6 10. Bf4 Nb6 11. Nb5 Ne8 12. Rfc1 Nc4 13. e4 a6 14. Nc3 Na5 15. Qd1 dxe4 16. Nxe4 Nc6 17. Rc4 f5 18. Nc5 Nd6 19. Rc2 Nb5 20. Rd2 Qe7 21. Rc1 Rd8 22. d5 exd5 23. Rxd5 h6 24. a4 Be6 25.
Rxd8+ Rxd8 26. Qe1 Nbd4 27.
Nxd4 Nxd4 28. Nxb7 Re8 29. Rc7 Qf6 30. Nd6 Rd8 31. Nc4 Bxc4 32.
Rxc4 Qf7 33. Rc7 Rd7 34. Rc8+ Kh7 35. h4 Re7 36. Qb4 Ne2+ 37. Kh2 Nxf4 38. Qxf4 Bxb2 39. Rc6 Be5 40. Qf3 a5 41. Qd3 Rd7 42. Qb5 Qe7 43. Rc4 Rc7 44. Rxc7 Bxc7 45. h5 f4 46. Qd3 fxg3+ 47. fxg3 Qd6 48. Bd5 Kg7 49. Qf3 Qf6 50. Qg4 Qf5 51. Qxg6+ 1/2-1/2

[Event "ETCC Women 2013"]
[Site "Warsaw"]
[Date "2013.11.11"]
[Round "4"]
[White "Goossens, Hanne"]
[Black "Ozturk, Kubra"]
[Result "0-1"]
[ECO "C55"]
[WhiteElo "2069"]
[BlackElo "2281"]
[PlyCount "60"]
[EventDate "2013.??.??"]
[EventCountry "POL"]
[WhiteTeam "Belgien"]
[BlackTeam "Türkei"]
[WhiteTeamCountry "BEL"]
[BlackTeamCountry "TUR"]
[TimeControl "40/5400+30:1800+30"]

1. e4 e5 2. Nf3 Nc6 3. Bc4 Nf6 4. d3 Be7 5. c3 O-O 6. O-O d5 7. exd5 Nxd5 8.
Re1 Bg4 9. Nbd2 Nb6 10. Bb5 f6 11. Qb3+ Kh8 12. Bxc6 bxc6 13. d4 Bd6 14. h3 Bxf3 15. Nxf3 Nd7 16. dxe5 Nxe5 17. Nxe5 fxe5 18. Qc4 Qd7 19. Be3 a5 20. Rad1 Rf6 21. Rd2 Raf8 22. Qa4 Rg6 23. Kh1 h6 24. Qxa5 Rf3 25. Kh2 e4+ 26. Rxd6 Qxd6+ 27. Kh1 Qf6 28. Qxc7 Rxh3+ 29. Kg1 Rxg2+ 30. Kf1 Rxe3 0-1

[Event "ETCC Women 2013"]
[Site "Warsaw"]
[Date "2013.11.11"]
[Round "4"]
[White "Goryachkina, Aleksandra"]
[Black "Wozniak, Mariola"]
[Result "1-0"]
[ECO "D27"]
[WhiteElo "2438"]
[BlackElo "2069"]
[PlyCount "89"]
[EventDate "2013.??.??"]
[EventCountry "POL"]
[WhiteTeam "Russland"]
[BlackTeam "Polen"]
[WhiteTeamCountry "RUS"]
[BlackTeamCountry "POL"]
[TimeControl "40/5400+30:1800+30"]

1. d4 d5 2. c4 dxc4 3. Nf3 Nf6 4. e3 e6 5. Bxc4 c5 6. O-O a6 7. dxc5 Bxc5 8.
Qxd8+ Kxd8 9. Rd1+ Ke7 10. Be2 b6 11. Nbd2 Bb7 12. Ne5 Rd8 13.
Nd3 Bd6 14. Nc4 Bc7 15. b3 b5 16. Nce5 Ne4 17. Ba3+ Bd6 18. Bxd6+ Rxd6 19. Rac1 Nc6 20. f3 Nxe5 21. Nxe5 Rxd1+ 22. Bxd1 Nd6 23. Rc7+ Ke8 24. Nxf7 Nxf7 25. Rxb7 Rc8 26. Kf2 Rc1 27. Be2 Ra1 28. Rb6 Rxa2 29. Rxa6 Rb2 30. Rxe6+ Kd7 31. Ra6 Ne5 32. Ke1 Rxb3 33. Ra7+ Kc6 34. Rxg7 Rb1+ 35. Kd2 Rb2+ 36. Kd1 b4 37. f4 Nd7 38. Bf3+ Kd6 39. Kc1 Rb3 40. e4 Nb6 41. e5+ Kc5 42.
Rc7+ Kd4 43. e6 Re3 44. e7 Nc4 45. Bh5 1-0

[Event "ETCC Women 2013"]
[Site "Warsaw"]
[Date "2013.11.11"]
[Round "4"]
[White "Havlikova, Kristyna"]
[Black "Kaps, Darja"]
[Result "1-0"]
[ECO "B15"]
[WhiteElo "2237"]
[BlackElo "2221"]
[PlyCount "125"]
[EventDate "2013.??.??"]
[EventCountry "POL"]
[WhiteTeam "Tschechien"]
[BlackTeam "Slowenien"]
[WhiteTeamCountry "CZE"]
[BlackTeamCountry "SLO"]
[TimeControl "40/5400+30:1800+30"]

1. e4 c6 2. d4 d5 3. Nc3 dxe4 4. Nxe4 Nf6 5. Nxf6+ exf6 6. c3 Bd6 7. Bd3 O-O 8. Qc2 Re8+ 9. Ne2 g6 10. h4 Be6 11. h5 f5 12. hxg6 fxg6 13.
Bh6 Qf6 14. O-O-O Nd7 15. Kb1 b5 16. Nf4 Bf7 17. Nh3 Bf8 18.
Qd2 Bd5 19. f3 Bxh6 20. Qxh6 Re7 21. Nf4 Rb8 22. Nxd5 cxd5 23.
Qf4 Rb6 24. Rde1 Nf8 25. Rxe7 Qxe7 26. Qd2 Kg7 27. Re1 Qd7 28. Qf4 a6 29. Bc2 Qd6 30. Qe5+ Qxe5 31. Rxe5 Rd6 32. Bb3 Ne6 33. g3 f4 34. g4 Kf6 35. Bxd5 Ng5 36. Be4 Nxe4 37. Rxe4 Kg5 38. a4 bxa4 39. c4 h5 40.
gxh5 gxh5 41. c5 Rc6 42. Kc2 Kh4 43. Rxf4+ Kg3 44. Rf8 Rh6 45. d5 h4 46. c6 h3 47. c7 h2 48. c8=Q h1=Q 49. Qg4+ Kf2 50. Qd4+ Kf1 51. Qd1+ Kf2 52. Qd2+ Kg3 53. Rg8+ Kxf3 54. Rf8+ Ke4 55. Qd3+ Ke5 56. Rf5+ Kd6 57. Qxa6+ Ke7 58. Qb7+ Kd6 59. Qc6+ Ke7 60. Qc7+ Ke8 61. Re5+ Kf8 62. Qe7+ Kg8 63. Rg5+ 1-0

[Event "ETCC Women 2013"]
[Site "Warsaw"]
[Date "2013.11.11"]
[Round "4"]
[White "Hoang, Thanh Trang"]
[Black "Botsari, Anna-Maria"]
[Result "1-0"]
[ECO "E39"]
[WhiteElo "2511"]
[BlackElo "2338"]
[PlyCount "89"]
[EventDate "2013.??.??"]
[EventCountry "POL"]
[WhiteTeam "Ungarn"]
[BlackTeam "Griechenland"]
[WhiteTeamCountry "HUN"]
[BlackTeamCountry "GRE"]
[TimeControl "40/5400+30:1800+30"]

1. d4 Nf6 2. c4 e6 3. Nc3 Bb4 4. Qc2 c5 5. dxc5 O-O 6. a3 Bxc5 7. Nf3 b6 8.
Bf4 Bb7 9. Rd1 Nh5 10. Bc1 Nf6 11. b4 Be7 12. e4 Nc6 13. Be2 Rc8 14. O-O Qc7 15. h3 Rfd8 16. Be3 d6 17. Rd2 Qb8 18. Rfd1 h6 19. Qb1 Ne8 20.
Nb5 Ba8 21. Bf4 a6 22. Nc3 Bf6 23. Na4 b5 24. Nc5 bxc4 25. Bxc4 e5 26. Nxa6 Qb7 27. Bg3 Nd4 28. Bf1 Nb5 29. Qa1 Nc3 30. Nc5 Rxc5 31. bxc5 Nxe4 32. Rb2 Qa7 33. Bh2 Nxc5 34. Rb4 e4 35. Nd4 Nc7 36. Qc1 Nd5 37.
Nb5 Qa5 38. Rb1 Bg5 39. Qc4 Nf4 40. Nxd6 Nfe6 41. Qb4 Qa7 42.
Nb5 Qb6 43. Nc7 Qa7 44. Rxd8+ Bxd8 45. Qb8 1-0

[Event "ETCC Women 2013"]
[Site "Warsaw"]
[Date "2013.11.11"]
[Round "4"]
[White "Ivanova, Simoneta"]
[Black "Schnegg, Anna-Lena"]
[Result "1-0"]
[ECO "D94"]
[WhiteElo "2046"]
[BlackElo "2076"]
[PlyCount "93"]
[EventDate "2013.??.??"]
[EventCountry "POL"]
[WhiteTeam "Bulgarien"]
[BlackTeam "Österreich"]
[WhiteTeamCountry "BUL"]
[BlackTeamCountry "AUT"]
[TimeControl "40/5400+30:1800+30"]

1. d4 Nf6 2. c4 g6 3. Nc3 d5 4. Nf3 Bg7 5. e3 O-O 6. cxd5 Nxd5 7. Bc4 Nb6 8.
Bb3 Nc6 9. O-O e5 10. d5 Na5 11. e4 Nxb3 12. axb3 c6 13. Bg5 f6 14. Be3 cxd5 15. exd5 a6 16. Qd2 Bg4 17. Ne1 Rf7 18. f3 Bf5 19. g4 Bc8 20.
Rd1 f5 21. h3 Nd7 22. Nd3 b5 23. Nc5 Nxc5 24. Bxc5 Bb7 25. d6 Qh4 26. Qg2 fxg4 27. hxg4 Raf8 28. Nd5 e4 29. fxe4 Bxd5 30. exd5 Rf4 31. Rxf4 Rxf4 32. d7 Qd8 33. Qe2 Qxd7 34. Qe6+ Qxe6 35. dxe6 Rxg4+ 36. Kf2 Bf6 37. Kf3 Rg5 38. b4 Re5 39. Rd6 a5 40. Rb6 h5 41. e7 Bxe7 42. Bxe7 Rxe7 43. bxa5 Kg7 44. a6 Kh6 45. Rxb5 h4 46. Ra5 Ra7 47. b4 1-0

[Event "ETCC Women 2013"]
[Site "Warsaw"]
[Date "2013.11.11"]
[Round "4"]
[White "Jelica, Mara"]
[Black "Mamedjarova, Zeinab"]
[Result "0-1"]
[ECO "C41"]
[WhiteElo "2252"]
[BlackElo "2236"]
[PlyCount "80"]
[EventDate "2013.??.??"]
[EventCountry "POL"]
[WhiteTeam "Kroatien"]
[BlackTeam "Aserbeidschan"]
[WhiteTeamCountry "CRO"]
[BlackTeamCountry "AZE"]
[TimeControl "40/5400+30:1800+30"]

1. e4 e5 2. Nf3 d6 3. d4 exd4 4. Qxd4 Nc6 5. Bb5 Bd7 6. Bxc6 Bxc6 7. Bg5 f6 8. Be3 Ne7 9. Nc3 Qd7 10. O-O-O b6 11. Qc4 O-O-O 12. Nd4 Re8 13. Qa6+ Kb8 14. Nxc6+ Nxc6 15. Qa4 Kb7 16. f4 g6 17. Rhe1 Bg7 18.
Nd5 f5 19. exf5 Qxf5 20. Nb4 Nxb4 21. Qxb4 Re4 22. Qd2 Rhe8 23. g3 Qe6 24. Bf2 Qxa2 25. c3 Qa1+ 26. Kc2 Qa4+ 27. Kb1 Qc4 28. Rxe4 Rxe4 29. Re1 a5 30. Rxe4 Qxe4+ 31. Ka2 a4 32. Be1 d5 33. Bf2 Qc4+ 34. Kb1 a3 35. Be1 Qb3 36. Bf2 axb2 37. Bd4 Qa3 38. Qxb2 Qxb2+ 39. Kxb2 Bxd4 40. cxd4 Kc6 0-1

[Event "ETCC Women 2013"]
[Site "Warsaw"]
[Date "2013.11.11"]
[Round "4"]
[White "Khotenashvili, Bela"]
[Black "Vojinovic, Jovana"]
[Result "1-0"]
[ECO "A40"]
[WhiteElo "2524"]
[BlackElo "2352"]
[PlyCount "123"]
[EventDate "2013.??.??"]
[EventCountry "POL"]
[WhiteTeam "Georgien"]
[BlackTeam "Serbien"]
[WhiteTeamCountry "GEO"]
[BlackTeamCountry "SRB"]
[TimeControl "40/5400+30:1800+30"]

1. d4 g6 2. c4 Bg7 3. Nf3 d6 4. Nc3 Bg4 5. e3 c5 6. Be2 Nc6 7. d5 Bxc3+ 8. bxc3 Na5 9. e4 Nf6 10. Qa4+ Bd7 11. Qc2 Bg4 12. h3 Bxf3 13. Bxf3 O-O 14. Be2 Re8 15. O-O Nd7 16. f4 e6 17. Rb1 Qe7 18. Qa4 b6 19. Bf3 Rad8 20.
Re1 e5 21. f5 Qh4 22. Be3 g5 23. Bf2 Qh6 24. h4 gxh4 25. Be3 Qg7 26. Kf2 Nf6 27. Ke2 Ng4 28. Bd2 Nh2 29. Rh1 Qg3 30. Be1 Qf4 31. Bd2 Qg3 32. Be1 Qf4 33. Bxh4 Qxh4 34. g3 Qg5 35. Rxh2 f6 36. Rg1 Qg7 37.
Kd3 Qd7 38. Qa3 Re7 39. g4 Rg7 40. g5 Rxg5 41. Rxg5+ fxg5 42. Qc1 Qg7 43. Qh1 Rf8 44. Rh6 Nb7 45. Qh5 a6 46. Bg4 Rf7 47. a4 Rf8 48. Kc2 Na5 49.
Rxd6 Nxc4 50. Rc6 Ne3+ 51. Kd2 Nf1+ 52. Kd3 c4+ 53. Rxc4 Ng3 54. Qh3 h5 55. Qxg3 hxg4 56. Qxg4 Rf6 57. Qh5 Rf8 58. Rc6 Rf6 59. Qe8+ Rf8 60. Qg6 Rf7 61. Rxb6 g4 62. Rb8+ 1-0

[Event "ETCC Women 2013"]
[Site "Warsaw"]
[Date "2013.11.11"]
[Round "4"]
[White "Klinova, Masha"]
[Black "Ushenina, Anna"]
[Result "1/2-1/2"]
[ECO "B51"]
[WhiteElo "2291"]
[BlackElo "2492"]
[PlyCount "82"]
[EventDate "2013.??.??"]
[EventCountry "POL"]
[WhiteTeam "Israel"]
[BlackTeam "Ukraine"]
[WhiteTeamCountry "ISR"]
[BlackTeamCountry "UKR"]
[TimeControl "40/5400+30:1800+30"]

1. e4 c5 2. Nf3 d6 3. Bb5+ Nd7 4. O-O a6 5. Bxd7+ Bxd7 6. d4 cxd4 7. Qxd4 e5 8. Qd3 h6 9. c4 b5 10. Nfd2 Nf6 11. Nc3 Qb8 12. b3 Be7 13.
a4 bxa4 14. Nxa4 O-O 15. Nc3 Rc8 16. Ba3 a5 17. Rfd1 Rc6 18. Rab1 Rb6 19. Na4 Rb7 20. Qc2 Qc7 21. Nf1 Bxa4 22. bxa4 Rxb1 23. Rxb1 Qc6 24. f3 Bd8 25. Qb3 Nd7 26. Qb5 Bb6+ 27. Kh1 Rc8 28. Ng3 g6 29. h3 Kg7 30. Ne2 Bc5 31. Bxc5 Nxc5 32. Nc3 Ne6 33. Qxa5 Qxc4 34. Nd5 Qa2 35. Rg1 Nd4 36. Qa6 Rc6 37. Qa7 Qd2 38. Qe7 Qg5 39. Qxg5 hxg5 40. Ra1 Nb3 41. Rb1 Nc5 1/2-1/2

[Event "ETCC Women 2013"]
[Site "Warsaw"]
[Date "2013.11.11"]
[Round "4"]
[White "Kosteniuk, Alexandra"]
[Black "Iwanow, Anna"]
[Result "1-0"]
[ECO "C97"]
[WhiteElo "2510"]
[BlackElo "2206"]
[PlyCount "111"]
[EventDate "2013.??.??"]
[EventCountry "POL"]
[WhiteTeam "Russland"]
[BlackTeam "Polen"]
[WhiteTeamCountry "RUS"]
[BlackTeamCountry "POL"]
[TimeControl "40/5400+30:1800+30"]

1. e4 e5 2. Nf3 Nc6 3. Bb5 a6 4. Ba4 Nf6 5. O-O Be7 6. Re1 b5 7. Bb3 d6 8. c3 O-O 9. h3 Na5 10. Bc2 c5 11. d4 Qc7 12. d5 Ne8 13. b3 Bd7 14. Nbd2 g6 15. Nf1 Ng7 16. N3h2 Nb7 17. Bh6 c4 18. Qd2 cxb3 19. axb3 Rfc8 20. Re3 Nd8 21. Rf3 f6 22. Ne3 Nf7 23. Bxg7 Kxg7 24. h4 Qb6 25. Rg3 Kh8 26. Nhg4 b4 27. cxb4 Qd4 28. Qe1 Bb5 29. Ra2 Rc3 30. Rf3 Rac8 31. Nxf6 Nh6 32. h5 Kg7 33. Bd1 Bxf6 34. Nc2 Rxc2 35. Rxc2 Rxc2 36. Bxc2 Bg5 37. Qc3 Qxc3 38. Rxc3 gxh5 39. Bd3 Bxd3 40. Rxd3 Nf7 41. Rd1 Kf6 42. Kf1 Nd8 43. Ra1 Bd2 44. Rxa6 Bxb4 45. Ra8 Ke7 46. Ra7+ Kf6 47. Rd7 Nf7 48. Rb7 Bc3 49. b4 Nd8 50.
Rd7 Bxb4 51. Rxd8 h4 52. Rg8 Bd2 53. Ke2 Bc1 54. Kd3 h6 55. Kc4 Bd2 56. Re8 1-0

[Event "ETCC Women 2013"]
[Site "Warsaw"]
[Date "2013.11.11"]
[Round "4"]
[White "Kulon, Klaudia"]
[Black "Gunina, Valentina"]
[Result "0-1"]
[ECO "B19"]
[WhiteElo "2276"]
[BlackElo "2509"]
[PlyCount "92"]
[EventDate "2013.??.??"]
[EventCountry "POL"]
[WhiteTeam "Polen"]
[BlackTeam "Russland"]
[WhiteTeamCountry "POL"]
[BlackTeamCountry "RUS"]
[TimeControl "40/5400+30:1800+30"]

1. e4 c6 2. d4 d5 3. Nc3 dxe4 4. Nxe4 Bf5 5. Ng3 Bg6 6. h4 h6 7. Nf3 Nd7 8.
h5 Bh7 9. Bd3 Bxd3 10. Qxd3 e6 11. Bd2 Ngf6 12. O-O-O Be7 13. Kb1 O-O 14. Ne4 Nxe4 15. Qxe4 Nf6 16. Qe2 Qd5 17. Ne5 Rfd8 18. Rhe1 c5 19. c4 Qd6 20. Bf4 cxd4 21. Nxf7 Qxf4 22. Qxe6 Kh7 23. Nxd8 Bxd8 24. Qf7 Qf5+ 25. Ka1 Rc8 26. g4 Qxg4 27. Rxd4 Qxh5 28. Qxb7 Bb6 29. Rd6 Rxc4 30. Rxf6 Qe5 31. Rxh6+ Kxh6 32. Rh1+ Kg6 33.
Rg1+ Kh7 34. Qh1+ Kg8 35. Qa8+ Kf7 36. Qf3+ Qf4 37. Qh5+ Kg8 38. Qd5+ Kf8 39. Qa8+ Kf7 40. Qd5+ Kf6 41. Qd1 g6 42. a3 Kg7 43.
Rh1 Bd4 44. Ka2 Qxf2 45. Qb3 Rc2 46. Qb7+ Qf7+ 0-1

[Event "ETCC Women 2013"]
[Site "Warsaw"]
[Date "2013.11.11"]
[Round "4"]
[White "Kursova, Maria"]
[Black "Szczepkowska-Horowska, Karina"]
[Result "0-1"]
[ECO "E63"]
[WhiteElo "2339"]
[BlackElo "2382"]
[PlyCount "112"]
[EventDate "2013.??.??"]
[EventCountry "POL"]
[WhiteTeam "Armenien"]
[BlackTeam "Polen"]
[WhiteTeamCountry "ARM"]
[BlackTeamCountry "POL"]
[TimeControl "40/5400+30:1800+30"]

1. d4 Nf6 2. Nf3 g6 3. c4 Bg7 4. g3 O-O 5. Bg2 d6 6. Nc3 Nc6 7. O-O a6 8.
b3 Rb8 9. Bd2 Nd7 10. e3 e5 11. d5 Ne7 12. e4 h6 13. Ne1 f5 14. Nd3 f4 15.
Rc1 g5 16. b4 Nf6 17. c5 Ng6 18. b5 dxc5 19. Nxc5 Qd6 20. Ne2 Rf7 21. Qb3 g4 22. bxa6 f3 23. axb7 Bd7 24. Nxd7 Qxd7 25. Ba5 Ne8 26. Rfe1 fxg2 27. Rc6 Ne7 28. Ra6 Nd6 29. Ra7 Rff8 30. Rc1 Qb5 31. Qxb5 Nxb5 32. Bxc7 Nxa7 33. Bxb8 Rxb8 34. Rc7 Bf8 35.
Nc3 Ng6 36. Kxg2 Bd6 37. Rd7 Bb4 38. Nd1 Nf8 39. Rc7 Bd6 40. Rc2 Rxb7 41. Ne3 h5 42. h3 gxh3+ 43. Kxh3 Nh7 44. Nf5 Ba3 45. Kh4 Nf6 46. f3 Nb5 47. Kg5 Nh7+ 48. Kxh5 Nd4 49. Rc8+ Kf7 50. Nh6+ Ke7 51. Kg6 Nf6 52. Rh8 Rb6 53. Nf5+ Kd7 54. Ra8 Nxe4+ 55. d6 Nxd6 56. Nxd4 exd4 0-1

[Event "ETCC Women 2013"]
[Site "Warsaw"]
[Date "2013.11.11"]
[Round "4"]
[White "Lagno, Kateryna"]
[Black "Efroimski, Marsel"]
[Result "1-0"]
[ECO "D70"]
[WhiteElo "2542"]
[BlackElo "2313"]
[PlyCount "69"]
[EventDate "2013.??.??"]
[EventCountry "POL"]
[WhiteTeam "Ukraine"]
[BlackTeam "Israel"]
[WhiteTeamCountry "UKR"]
[BlackTeamCountry "ISR"]
[TimeControl "40/5400+30:1800+30"]

1. d4 Nf6 2. c4 g6 3. Nf3 Bg7 4. e3 c5 5. d5 b5 6. cxb5 d6 7. Nc3 O-O 8. a4 a6 9. Bd2 Bb7 10. Bc4 axb5 11. axb5 Rxa1 12. Qxa1 Qd7 13. Qa2 Qf5 14. O-O e6 15. dxe6 Bxf3 16. exf7+ Kh8 17. gxf3 Ng4 18. Be6 Qxf3 19. Qd5 Ne5 20. Bc1 Qxd5 21. Bxd5 Nxf7 22. Ne4 h6 23. Rd1 Ne5 24. Nxd6 Rd8 25. Nb7 Rc8 26. Be6 Re8 27. Nxc5 Bf8 28. b4 Kh7 29. Bd5 Rc8 30. f4 Bxc5 31. bxc5 Ned7 32. Be6 Rc7 33. Bb2 g5 34. Bf5+ Kg8 35.
c6 1-0

[Event "ETCC Women 2013"]
[Site "Warsaw"]
[Date "2013.11.11"]
[Round "4"]
[White "Lanchava, Tea"]
[Black "Nevioselaya, Maria"]
[Result "1/2-1/2"]
[ECO "A01"]
[WhiteElo "2289"]
[BlackElo "2074"]
[PlyCount "80"]
[EventDate "2013.??.??"]
[EventCountry "POL"]
[WhiteTeam "Niederlande"]
[BlackTeam "Weißrussland"]
[WhiteTeamCountry "NED"]
[BlackTeamCountry "BLR"]
[TimeControl "40/5400+30:1800+30"]

1. b3 Nf6 2. Bb2 e6 3. e3 b6 4. f4 Bb7 5. Nf3 Be7 6. Be2 c5 7. O-O O-O 8. Qe1 d6 9. d3 Nd5 10. Bd1 Bf6 11. c3 b5 12. d4 Nc6 13. Qd2 Qc7 14. e4 Nb6 15.
e5 Be7 16. Bc2 g6 17. a3 dxe5 18. fxe5 cxd4 19. cxd4 b4 20. Rc1 Qd7 21. Qh6 f6 22. Bxg6 hxg6 23. Qxg6+ Kh8 24. axb4 Nxb4 25. Rc3 Bd8 26. Qh6+ Kg8 27. Ne1 Rf7 28. Nd2 N6d5 29. Rh3 Rh7 30. Rg3+ Rg7 31. Rh3 Rh7 32. Qg6+ Rg7 33. Qh5 Rh7 34. Rg3+ Kh8 35. Qg6 Rg7 36. Qh5+ Rh7 37. Qg6 Rg7 38. Rh3+ Kg8 39. Qh5 Rh7 40. Rg3+ Kh8 1/2-1/2

[Event "ETCC Women 2013"]
[Site "Warsaw"]
[Date "2013.11.11"]
[Round "4"]
[White "Mamedjarova, Turkan"]
[Black "Saric, Kristina"]
[Result "1-0"]
[ECO "D37"]
[WhiteElo "2250"]
[BlackElo "2250"]
[PlyCount "51"]
[EventDate "2013.??.??"]
[EventCountry "POL"]
[WhiteTeam "Aserbeidschan"]
[BlackTeam "Kroatien"]
[WhiteTeamCountry "AZE"]
[BlackTeamCountry "CRO"]
[TimeControl "40/5400+30:1800+30"]

1. d4 Nf6 2. Nf3 d5 3. c4 e6 4. Nc3 dxc4 5. e3 a6 6. Bxc4 b5 7. Bd3 c5 8. dxc5 Bxc5 9. O-O Bb7 10. Ng5 Nbd7 11. f4 h6 12. Nge4 O-O 13. a3 Qe7 14.
Qe2 Bb6 15. Kh1 Rac8 16. Bd2 Rfd8 17. Be1 Nd5 18. Nxd5 exd5 19.
Bb4 Nc5 20. Ng3 Qe8 21. Nh5 Qd7 22. Bc2 Ne4 23. Bxe4 dxe4 24. Bc3 Bd5 25. f5 Rxc3 26. Qg4 1-0

[Event "ETCC Women 2013"]
[Site "Warsaw"]
[Date "2013.11.11"]
[Round "4"]
[White "Mammadova, Gulnar"]
[Black "Franciskovic, Borka"]
[Result "1/2-1/2"]
[ECO "B12"]
[WhiteElo "2354"]
[BlackElo "2263"]
[PlyCount "92"]
[EventDate "2013.??.??"]
[EventCountry "POL"]
[WhiteTeam "Aserbeidschan"]
[BlackTeam "Kroatien"]
[WhiteTeamCountry "AZE"]
[BlackTeamCountry "CRO"]
[TimeControl "40/5400+30:1800+30"]

1. e4 c6 2. d4 d5 3. f3 e6 4. Nc3 Bb4 5. Bf4 Ne7 6. Nge2 dxe4 7. fxe4 Ng6 8.
Bg3 e5 9. Qd3 exd4 10. Nxd4 O-O 11. O-O-O Qa5 12. Nb3 Qg5+ 13.
Rd2 Nh4 14. Kb1 Nd7 15. Qd4 Be7 16. Qf2 Ne5 17. Bf4 Qf6 18. g3 Nhg6 19. Be2 Be6 20. Rhd1 Rfd8 21. Rxd8+ Bxd8 22. Na4 b6 23. Nd4 Be7 24. Nxe6 Qxe6 25. Bc1 Rd8 26. Qf5 Rxd1 27. Bxd1 Nf8 28. Qxe6 Nxe6 29. b3 f6 30. c4 Kf7 31. h4 Bd6 32. Be3 g6 33. g4 Nd7 34. Kc2 Ndc5 35.
Nc3 Be5 36. Bf3 Nd4+ 37. Bxd4 Bxd4 38. e5 Bxe5 39. Bxc6 Ke7 40.
b4 Ne6 41. Be4 f5 42. gxf5 gxf5 43. Bd5 Nd4+ 44. Kd3 Kd6 45. Bb7 h6 46. h5 Kc7 1/2-1/2

[Event "ETCC Women 2013"]
[Site "Warsaw"]
[Date "2013.11.11"]
[Round "4"]
[White "Manakova, Maria"]
[Black "Arabidze, Meri"]
[Result "0-1"]
[ECO "E15"]
[WhiteElo "2324"]
[BlackElo "2374"]
[PlyCount "168"]
[EventDate "2013.??.??"]
[EventCountry "POL"]
[WhiteTeam "Serbien"]
[BlackTeam "Georgien"]
[WhiteTeamCountry "SRB"]
[BlackTeamCountry "GEO"]
[TimeControl "40/5400+30:1800+30"]

1. d4 Nf6 2. c4 e6 3. Nf3 b6 4. g3 Ba6 5. b3 Bb4+ 6. Bd2 Be7 7. Nc3 O-O 8.
Bg2 c6 9. O-O d5 10. cxd5 cxd5 11. Ne5 Nfd7 12. Nxd7 Nxd7 13. a4 Bb7 14. a5 bxa5 15. e4 dxe4 16. Nxe4 Bb4 17. Qe2 Qb6 18. Rfc1 Rfc8 19. Qd3 h6 20. h3 Bd5 21. Kh2 Rxc1 22. Rxc1 Ba3 23. Ra1 Bb4 24. Bxb4 Qxb4 25. Nd2 Bxg2 26. Kxg2 Rd8 27. Ra4 Nc5 28. Rxb4 Nxd3 29. Rb7 Rxd4 30. Nf3 Rb4 31. Rxa7 Rxb3 32. Rxa5 Rb2 33. Ne5 Nxf2 34. Ra8+ Kh7 35. Nxf7 Ng4+ 36. Kf3 Nh2+ 37. Ke4 Re2+ 38. Kd4 Nf3+ 39. Kd3 Re1 40. Nd6 Ng1 41. Ne8 Rf1 42. g4 Rf8 43. h4 Nf3 44. Ke4 Kg8 45.
h5 Nh2 46. Ke5 Nxg4+ 47. Kxe6 Kh7 48. Rc8 Ne3 49. Ke5 Ng2 50. Nd6 Rxc8 51. Nxc8 Ne3 52. Kf4 Nd5+ 53. Kg3 Nf6 54. Kh4 Kg8 55. Ne7+ Kf7 56. Ng6 Nd5 57. Ne5+ Kf6 58. Ng6 Kf5 59. Nf8 Ne7 60. Nd7 Kf4 61. Nf8 Nf5+ 62. Kh3 Kg5 63. Ne6+ Kxh5 64. Nf4+ Kg5 65. Ne6+ Kf6 66. Nf4 g5 67. Nd3 h5 68. Nf2 Ke5 69. Nd3+ Ke4 70. Nc5+ Kf3 71. Ne6 g4+ 72. Kh2 h4 73. Ng5+ Kf2 74. Kh1 Ng3+ 75. Kh2 Nf5 76. Kh1 Kg3 77. Ne4+ Kf4 78. Nf6 Ne3 79. Kh2 Nf1+ 80. Kg2 Ne3+ 81. Kh2 Kf3 82. Nh5 g3+ 83. Kg1 h3 84. Kh1 Ng4 0-1